 Dungeon Crawl Stone Soup version 0.23-a0-373-g305c090 (webtiles) character file.

7984 BingusPrime the Fighter (level 11, -8/90 HPs)
             Began as a Barachi Fighter on Oct 25, 2018.
             Was a Believer of Qazlal.
             Mangled by an earth elemental (27 damage)
             ... in a volcano.
             The game lasted 00:41:19 (9839 turns).

BingusPrime the Fighter (Barachi Fighter)           Turns: 9839, Time: 00:41:20

Health: -8/90      AC: 14    Str: 20    XL:     11   Next: 23%
Magic:  11/11      EV: 16    Int:  8    God:    Qazlal [**....]
Gold:   54         SH: 15    Dex: 13    Spells: 10/10 levels left

rFire    . . .     SeeInvis .   k - +4 hand axe (venom)
rCold    . . .     Gourm    .   c - +0 shield
rNeg     . . .     Faith    .   b - +0 scale mail
rPois    .         Spirit   .   J - +0 helmet
rElec    .         Reflect  .   r - +0 cloak
rCorr    .         Harm     .   e - +1 pair of gloves
MR       .....                  D - +0 pair of boots
Stlth    ..........             (no amulet)
HPRegen  0.25/turn              L - +5 ring of evasion
MPRegen  0.12/turn              (no ring)

@: can't hop, slow
A: +LOS, swims, slowness 1, strong legs 1
a: Hop, Upheaval, Renounce Religion


You were in a volcano.
You worshipped Qazlal.
Qazlal was pleased with you.
You were hungry.

You visited 3 branches of the dungeon, and saw 11 of its levels.
You also visited: Volcano.

You collected 435 gold pieces.
You spent 381 gold pieces at shops.

Inventory:

Hand Weapons
 a - a +0 long sword
 k - a +4 hand axe of venom (weapon)
Missiles
 v - 10 tomahawks (quivered)
 x - 194 stones
 z - 14 javelins
Armour
 b - a +0 scale mail (worn)
 c - a +0 shield (worn)
 e - a +1 pair of gloves (worn)
 r - a +0 cloak (worn)
 D - a +0 pair of boots (worn)
 E - a +0 cloak
 J - a +0 helmet (worn)
Jewellery
 t - an uncursed ring of ice
 C - an uncursed amulet of harm
 L - a +5 ring of evasion (left hand)
 P - a +3 ring of evasion
Wands
 d - a wand of digging (34)
 I - a wand of polymorph (12)
 O - a wand of paralysis (14)
Scrolls
 j - 2 scrolls of enchant armour {unknown}
 l - a scroll of fog {unknown}
 o - 3 scrolls of remove curse {unknown}
 s - a scroll of fear {unknown}
 y - a scroll of magic mapping {unknown}
 F - a scroll of amnesia {unknown}
 G - a scroll of brand weapon {unknown}
 H - a scroll of teleportation
 M - a scroll of torment {unknown}
 R - 2 scrolls of blinking {unknown}
Potions
 h - a potion of flight
 i - 2 potions of berserk rage
 m - a potion of lignification
 n - 2 potions of agility {unknown}
 p - 2 potions of haste
 q - 3 potions of invisibility {unknown}
 u - 5 potions of brilliance
 w - a potion of mutation {unknown}
 K - 2 potions of magic {unknown}
Miscellaneous
 g - 2 boxes of beasts
Comestibles
 f - 15 rations


   Skills:
 * Level 9.8 Fighting
 - Level 3.3 Long Blades
 + Level 9.6 Axes
 + Level 5.1 Throwing
 + Level 8.6 Armour
 + Level 5.8 Dodging
 - Level 0.1 Stealth
 + Level 8.4 Shields
 + Level 1.2 Evocations


You had 10 spell levels left.
You didn't know any spells.
Your spell library contained the following spells:

 Spells                   Type           Power        Failure   Level  Hunger
 Beastly Appendage        Tmut           #.....       94%         1    ##.....
 Sticks to Snakes         Tmut           #.......     98%         2    ###....
 Spider Form              Tmut/Pois      #.........   100%        3    ####...
 Ice Form                 Ice/Tmut       #.......     100%        4    #####..
 Blade Hands              Tmut           #.........   100%        5    ######.


Dungeon Overview and Level Annotations

Branches:
Dungeon (9/15)             Temple (1/1) D:6            Lair (1/6) D:8
    Orc: D:9-12

Altars:
Ashenzari
Cheibriados
Dithmenos
Elyvilon
Fedhas
Gozag
Hepliaklqana
Makhleb
Nemelex Xobeh
Okawaru
Qazlal
Ru
Sif Muna
Trog
Uskayaw
Vehumet
Wu Jian
Xom
Yredelemnul
Zin
The Shining One

Shops:
D:7 =}*[*   D:8 !


Innate Abilities, Weirdness & Mutations

Shadows flee at your approach. (+LOS)
You can swim through water.
You cover ground slowly.
You can hop short distances.


Message History

You block the earth elemental's attack.
You hit the earth elemental but do no damage.
The earth elemental is lightly damaged.
You hit the earth elemental but do no damage.
The earth elemental is lightly damaged.
You block the earth elemental's attack.
You hit the earth elemental but do no damage.
The earth elemental is lightly damaged.
You hit the earth elemental.
The earth elemental is lightly damaged.
You block the earth elemental's attack.
You hit the earth elemental but do no damage.
The earth elemental is lightly damaged.
You hit the earth elemental but do no damage.
The earth elemental is lightly damaged.
The earth elemental barely misses you.
You slash the earth elemental!
The earth elemental is moderately damaged.
The earth elemental hits you!!
You die...

# ###§§≈≈## ##
##≈§§§≈≈≈# ≈#
###§≈≈≈≈§≈§# .
##§§§§§.§.≈##
#§§§§§≈....≈#
#§§§§≈§...∩.# ##
≈≈§§§.... .#..# #
##§§E.# ......
...#..#..@#
≈≈≈≈≈≈≈.........##
≈≈§≈§≈≈≈≈....####
≈≈≈≈≈≈≈≈≈...
§≈≈≈≈≈§§§. ≈≈≈≈§≈≈
. §≈§≈§≈ ≈§§≈§≈
..§..


You could see an earth elemental.

Vanquished Creatures
  Fannar (Lair:1)
  A two-headed ogre (D:9)
  A black mamba (Lair:1)
  A gargoyle (Volcano)
  A torpor snail (D:8)
  2 kobold demonologists (D:8)
  A queen bee (D:8)
  Sigmund (D:2)
  A wyvern (Lair:1)
  3 yaks (Lair:1)
  A hungry ghost (D:7)
  2 porcupines (Lair:1)
  3 orc warriors
  2 ice beasts
  2 sky beasts
  5 ogres
  A centaur (D:5)
  6 big kobolds
  3 crocodiles
  3 bullfrogs
  3 scorpions
  14 killer bees
  A howler monkey (D:8)
  4 crimson imps
  2 quasits
  2 bullfrog zombies (D:7)
  9 hounds
  Crazy Yiuf (D:2)
  2 orc priests
  A bullfrog skeleton (D:6)
  Jessica (D:3)
  An iguana (D:6)
  2 orc wizards
  5 worker ants
  2 hound skeletons (D:7)
  2 howler monkey zombies (D:5)
  A worker ant zombie (D:5)
  10 adders
  4 gnolls (D:4)
  5 shadow imps
  An adder zombie (D:9)
  3 adder skeletons
  2 worms (D:2)
  A leopard gecko (D:1)
  11 orcs
  3 giant cockroaches
  6 goblins
  6 hobgoblins
  5 jackals
  4 quokkas
  3 ball pythons
  5 bats
  4 frilled lizards
  A jackal skeleton (D:7)
  12 kobolds
  A quokka skeleton (D:7)
  17 rats
  A fungus (Lair:1)
199 creatures vanquished.

Vanquished Creatures (others)
  A fungus (Lair:1)
1 creature vanquished.

Grand Total: 200 creatures vanquished

Notes
Turn   | Place    | Note
-------+----------+-------------------------------------------
     0 | D:1      | BingusPrime the Barachi Fighter began the quest for the
                  | Orb.
     0 | D:1      | Reached XP level 1. HP: 18/18 MP: 1/1
    83 | D:1      | Reached XP level 2. HP: 22/25 MP: 2/2
   384 | D:1      | Reached XP level 3. HP: 27/30 MP: 3/3
   729 | D:2      | Found an iron altar of Okawaru.
   999 | D:2      | Reached XP level 4. HP: 29/37 MP: 4/4
  1260 | D:2      | Found a runed door.
  1311 | D:2      | Noticed Sigmund
  1363 | D:2      | Killed Sigmund
  1363 | D:2      | Reached skill level 5 in Armour
  1363 | D:2      | Reached skill level 1 in Dodging
  1363 | D:2      | Reached XP level 5. HP: 14/43 MP: 5/5
  1363 | D:2      | Reached XP level 6. HP: 16/49 MP: 6/6
  1741 | D:2      | Noticed Crazy Yiuf
  1747 | D:2      | Killed Crazy Yiuf
  2286 | D:3      | Found a shimmering altar of Xom.
  2369 | D:3      | Found a shadowy altar of Dithmenos.
  2369 | D:3      | Found a glowing silver altar of Zin.
  2370 | D:3      | Found a deep blue altar of Sif Muna.
  3038 | D:4      | Reached skill level 5 in Fighting
  3113 | D:3      | Found a shattered altar of Ashenzari.
  3113 | D:3      | Noticed Jessica
  3115 | D:3      | Killed Jessica
  3115 | D:3      | Reached XP level 7. HP: 56/56 MP: 7/7
  3745 | D:5      | Entered Level 5 of the Dungeon
  4152 | D:5      | Found an opulent altar of Gozag.
  4167 | D:5      | Found a radiant altar of Vehumet.
  4183 | D:5      | Found a white marble altar of Elyvilon.
  4183 | D:5      | Found a hazy altar of Hepliaklqana.
  4278 | D:5      | Reached skill level 1 in Throwing
  4568 | D:5      | Reached XP level 8. HP: 37/63 MP: 8/8
  5030 | D:6      | Reached skill level 5 in Axes
  5104 | D:6      | Found a sacrificial altar of Ru.
  5135 | D:6      | Found a staircase to the Ecumenical Temple.
  5179 | Temple   | Entered the Ecumenical Temple
  5201 | Temple   | Became a worshipper of Qazlal Stormbringer
  5868 | D:6      | Reached skill level 5 in Shields
  6079 | D:7      | Found Xiliuvin's Armour Emporium.
  6187 | D:7      | Found Miru's Gadget Shoppe.
  6227 | D:7      | Bought a box of beasts for 300 gold pieces
  6254 | D:7      | Found Anaimoki's Jewellery Shoppe.
  6480 | D:7      | Found Ferap's General Store.
  6487 | D:7      | Reached * piety under Qazlal
  6558 | D:7      | Found Xulit's General Store.
  6561 | D:7      | Bought a potion of lignification for 33 gold pieces
  6612 | D:8      | Noticed a queen bee
  6623 | D:7      | Reached XP level 9. HP: 35/71 MP: 9/9
  6853 | D:8      | Killed a queen bee
  7367 | D:8      | Noticed a two-headed ogre
  7373 | D:8      | Noticed a torpor snail
  7373 | D:8      | a two-headed ogre changed into a torpor snail
  7495 | D:8      | Killed a torpor snail
  7495 | D:8      | Reached skill level 1 in Evocations
  7690 | D:8      | Reached XP level 10. HP: 80/80 MP: 10/10
  7730 | D:8      | Found a staircase to the Lair.
  7793 | D:8      | Reached ** piety under Qazlal
  8297 | D:8      | Noticed a kobold demonologist
  8299 | D:8      | Noticed a rust devil
  8302 | D:8      | Noticed a kobold demonologist
  8329 | D:8      | Killed a kobold demonologist
  8336 | D:8      | Noticed a sun demon
  8341 | D:8      | Noticed an orange demon
  8343 | D:8      | Killed a kobold demonologist
  8346 | D:8      | Reached skill level 5 in Dodging
  8540 | D:8      | Found Cidghoho's Distillery.
  8549 | D:8      | Bought a potion of lignification for 48 gold pieces
  8837 | D:9      | Noticed a two-headed ogre
  8847 | D:9      | Killed a two-headed ogre
  8944 | D:9      | HP: 4/83 [meliai/divine providence (16)]
  9317 | Lair:1   | Entered Level 1 of the Lair of Beasts
  9359 | Lair:1   | Found a hazy altar of Hepliaklqana.
  9516 | Lair:1   | Reached XP level 11. HP: 89/89 MP: 11/11
  9554 | Lair:1   | Noticed Fannar
  9593 | Lair:1   | Killed Fannar
  9593 | Lair:1   | Reached skill level 5 in Throwing
  9790 | Lair:1   | Found a dark tunnel.
  9795 | Volcano  | Entered a volcano
  9839 | Volcano  | Mangled by an earth elemental

Vault maps used:
D:1:      erik_arrival_orb_chamber, chequers_serial_rivers_micro_e,
          kennysheep_another_room
D:2:      okawaru_trees_2, uniq_crazy_yiuf_cottage, uniq_sigmund
D:3:      nicolae_overflow_hidden_temple, kennysheep_potato, uniq_jessica
D:4:      first_ration
D:5:      minitemple
D:6:      kennysheep_six_static_rooms, minmay_temple_entry_junction, basic_altar
D:7:      serial_shops, kennysheep_mini_moat, nicolae_shop_waterfront, shop,
          shop, nicolae_shop_stone
D:8:      lair_entry_dummy, serial_shops, nicolae_shop_waterfront,
          david_nohive_1
D:9:      minmay_checkerbox
Temple:   cyrus_circular_temple
Lair:1:   basic_altar, enter_volcano_4, guppyfry_lair_drakes, uniq_fannar
Volcano:  volcano_pools

Skill      XL: |  1  2  3  4  5  6  7  8  9 10 11 |
---------------+----------------------------------+-----
Armour         | 4 5 6 7 8 |  8.6
Long Blades    | 3 |  3.3
Shields        | 4 5 6 8 |  8.4
Fighting       | 4 5 6 8 9 |  9.8
Axes           | 2 3 4 6 7 9 |  9.6
Dodging        | 1 2 4 5 |  5.8
Throwing       | 1 2 3 4 5 |  5.1
Evocations     | 1 |  1.2
Stealth        | |  0.1

Action                   |  1- 3 |  4- 6 |  7- 9 | 10-12 || total
-------------------------+-------+-------+-------+-------++-------
Melee: Long sword        |   116 |       |       |       ||   116
       Hand axe          |    24 |    83 |   331 |   268 ||   706
Throw: Tomahawk          |       |       |    69 |    40 ||   109
       Stone             |       |       |     4 |       ||     4
 Abil: Hop               |       |     2 |     1 |     3 ||     6
Evoke: Wand              |       |       |     8 |     2 ||    10
  Use: Scroll            |     2 |       |     5 |     9 ||    16
       Potion            |       |     3 |     2 |     7 ||    12
  Eat: Chunk             |     1 |     7 |    12 |     4 ||    24
       Ration            |       |       |     3 |     1 ||     4
Armor: Scale mail        |    72 |    25 |   176 |    53 ||   326
       Skin              |       |       |    34 |    28 ||    62
Dodge: Dodged            |    52 |    17 |   148 |    98 ||   315
Block: Shield            |    86 |    30 |   218 |   152 ||   486
       Rpst.: Long sword |    14 |       |       |       ||    14

Table legend:
 A = Non-vault XP
 B = Vault XP
 C = Vault XP percentage of total XP
 D = Non-vault monster count
 E = Vault monster count
 F = Vault count percentage of total count
                 A         B        C        D         E       F
            +---------+---------+-------+---------+---------+-------
      Total |    8195 |    3211 |  28.2 |     160 |      38 |  19.2
            +---------+---------+-------+---------+---------+-------
        D:1 |      31 |      12 |  27.9 |      20 |      12 |  37.5
        D:2 |      57 |     268 |  82.5 |      16 |       2 |  11.1
        D:3 |      18 |      37 |  67.3 |      10 |       1 |   9.1
        D:4 |     380 |       0 |   0.0 |      12 |       0 |   0.0
        D:5 |     441 |       0 |   0.0 |      19 |       0 |   0.0
        D:6 |     349 |     185 |  34.6 |      11 |       5 |  31.2
        D:7 |     895 |     496 |  35.7 |      19 |       8 |  29.6
        D:8 |    2921 |     668 |  18.6 |      30 |       7 |  18.9
        D:9 |    1363 |     133 |   8.9 |      14 |       1 |   6.7
     Lair:1 |    1740 |     997 |  36.4 |       9 |       1 |  10.0
    Volcano |       0 |     415 | 100.0 |       0 |       1 | 100.0
            +---------+---------+-------+---------+---------+-------
